 Dungeon Crawl Stone Soup version 0.23-a0-586-gacb4b3f (webtiles) character file.

122430 Firecrotchwizard the Brawler (level 16, -2/147 HPs)
             Began as a Ghoul Monk on Dec 19, 2018.
             Was the Champion of Ru.
             Shot with a bolt by a naga sharpshooter (10 damage)
             ... on level 4 of the Snake Pit.
             The game lasted 01:24:02 (29344 turns).

Firecrotchwizard the Brawler (Ghoul Monk)          Turns: 29344, Time: 01:24:02

Health: -2/147     AC: 29    Str: 23    XL:     16   Next: 87%
Magic:  20/24      EV:  4    Int: 10    God:    Ru [******]
Gold:   659        SH:  7    Dex: 11    Spells: 15/15 levels left

rFire    . . .     SeeInvis +     - Unarmed
rCold    + . .     Gourm    .   J - +3 buckler {reflect}
rNeg     + + +     Faith    .   t - +5 plate armour "Pucyz" {MP+9 Int+3}
rPois    ∞         Spirit   .   u - +2 helmet
rElec    .         Reflect  +   z - +1 cloak
rCorr    .         Harm     .   (no gloves)
MR       +....                  L - +2 pair of boots {Fly}
Stlth    ..........             (no amulet)
HPRegen  0.00/turn              G - +3 ring of strength
MPRegen  0.19/turn              l - ring of see invisible {sInv, !d}

@: exhausted, no potions, flying, rotting, slowed, constricted, very slow
A: rotting body, claws 1, carnivore, cold resistance 1, negative energy
resistance 3, inhibited regeneration, torment resistance, unbreathing, inability
to drink while threatened, no stealth, hated by all, inability to train dodging,
unskilled 1
a: Draw Out Power, Power Leap, Apocalypse, Renounce Religion, Stop Flying


You were on level 4 of the Snake Pit.
You worshipped Ru.
Ru was exalted by your worship.
You were not hungry.

You visited 4 branches of the dungeon, and saw 26 of its levels.
You also visited: Sewer and Ice Cave.

You collected 2534 gold pieces.
You spent 1875 gold pieces at shops.

Inventory:

Hand Weapons
 R - a +4 hand crossbow of flaming
   (You found it in an ice cave)
Missiles
 p - 105 bolts
 B - a throwing net {=f, !d}
Armour
 j - a +4 plate armour of fire resistance
   (You found it in an ice cave)
 t - the +5 plate armour "Pucyz" (worn) {MP+9 Int+3}
   (You bought it in a shop on level 1 of the Snake Pit)

   It affects your intelligence (+3).
   It affects your magic capacity (+9).
 u - a +2 helmet (worn)
   (You took it off Robin on level 3 of the Dungeon)
 z - a +1 cloak (worn)
   (You found it on level 5 of the Dungeon)
 J - a +3 buckler of reflection (worn)
   (You bought it in a shop on level 13 of the Dungeon)
 L - a +2 pair of boots of flying (worn)
   (You found it in an ice cave)
 W - a +1 buckler of poison resistance
   (You found it on level 6 of the Lair of Beasts)
Jewellery
 a - an uncursed ring of fire {rF+, rC-}
   (You found it on level 5 of the Lair of Beasts)
 l - a ring of see invisible (right claw) {sInv, !d}
   (You found it on level 4 of the Lair of Beasts)
 w - an uncursed ring of protection from fire {rF+, !d}
   (You found it on level 4 of the Dungeon)
 G - a +3 ring of strength (left claw)
   (You found it on level 5 of the Lair of Beasts)
 K - an uncursed ring of resist corrosion
   (You found it on level 8 of the Dungeon)
Wands
 y - a wand of iceblast (10)
   (You found it on level 4 of the Lair of Beasts)
 C - a wand of digging (11)
   (You found it on level 1 of the Lair of Beasts)
 F - a wand of clouds (4)
   (You found it on level 7 of the Dungeon)
Scrolls
 d - a scroll of torment
 e - 4 scrolls of immolation {!r}
 f - 6 scrolls of identify
 g - 5 scrolls of fog
 h - 3 scrolls of fear
 n - 4 scrolls of remove curse
 o - 20 scrolls of teleportation
 v - 6 scrolls of amnesia
 O - 2 scrolls of holy word {!r!r}
 U - a scroll of magic mapping {!r}
Potions
 c - 3 potions of brilliance
 i - 5 potions of heal wounds
 k - 5 potions of agility
 m - 4 potions of might
 s - a potion of cancellation {unknown}
 A - 4 potions of haste
 D - 2 potions of magic
 E - 8 potions of curing
 H - 3 potions of resistance
 S - a potion of ambrosia
Miscellaneous
 N - a fan of gales
   (You found it on level 2 of the Lair of Beasts)
 Q - a lightning rod (4/4)
   (You found it on level 2 of the Lair of Beasts)
 Y - a phial of floods
   (You found it on level 10 of the Dungeon)
Comestibles
 b - 38 rations
 q - a chunk of flesh {@w0}


   Skills:
 - Level 14.5 Fighting
 + Level 5.9 Crossbows
 - Level 11.7 Armour
 - Level 3.6 Shields
 - Level 19.3 Unarmed Combat


You had 15 spell levels left.
You didn't know any spells.
Your spell library contained the following spells:

 Spells                   Type           Power        Failure   Level  Hunger
 Freeze                   Ice            #...         99%         1    ##.....
 Pain                     Necr           #...         99%         1    ##.....
 Sting                    Conj/Pois      #...         99%         1    ##.....
 Corpse Rot               Necr           N/A          100%        2    ###....
 Poisonous Vapours        Pois/Air       #.....       100%        2    ###....
 Throw Frost              Conj/Ice       #.....       100%        2    ###....
 Mephitic Cloud           Conj/Pois/Air  #.......     100%        3    ####...
 Ozocubu's Armour         Chrm/Ice       #.......     100%        3    ####...
 Regeneration             Chrm/Necr      #.........   100%        3    ####...
 Vampiric Draining        Necr           #.........   100%        3    ####...
 Cause Fear               Hex            #.........   100%        4    #####..
 Olgreb's Toxic Radiance  Pois           #.......     100%        4    #####..
 Throw Icicle             Conj/Ice       #.......     100%        4    #####..
 Agony                    Necr           #.......     100%        5    ######.
 Aura of Abjuration       Summ           #.........   100%        5    ######.
 Bolt of Draining         Conj/Necr      #.........   100%        5    ######.
 Dispel Undead            Necr           #.......     100%        5    ######.
 Excruciating Wounds      Chrm/Necr      #.........   100%        5    ######.
 Irradiate                Conj/Tmut      #.........   100%        5    ######.
 Silence                  Hex/Air        #.........   100%        5    ######.
 Venom Bolt               Conj/Pois      #.........   100%        5    ######.
 Yara's Violent Unravell  Hex/Tmut       #.........   100%        5    ######.
 Deflect Missiles         Chrm/Air       #.........   100%        6    #######
 Discord                  Hex            #.........   100%        8    #######
 Animate Skeleton         Necr           Unusable     N/A         1    N/A
 Sublimation of Blood     Necr           Unusable     N/A         2    N/A
 Recall                   Summ/Tloc      Unusable     N/A         3    N/A
 Animate Dead             Necr           Unusable     N/A         4    N/A
 Summon Ice Beast         Ice/Summ       Unusable     N/A         4    N/A
 Summon Demon             Summ           Unusable     N/A         5    N/A
 Summon Forest            Summ/Tloc      Unusable     N/A         5    N/A
 Summon Mana Viper        Hex/Summ       Unusable     N/A         5    N/A
 Hydra Form               Tmut           Unusable     N/A         6    N/A
 Shadow Creatures         Summ           Unusable     N/A         6    N/A
 Statue Form              Tmut/Erth      Unusable     N/A         6    N/A
 Dragon Form              Tmut           Unusable     N/A         7    N/A

Dungeon Overview and Level Annotations

Branches:
Dungeon (14/15)            Temple (0/1) D:6            Lair (6/6) D:10
 Shoals (0/4) Lair:4        Snake (4/4) Lair:4        Slime (0/5) Lair:5
    Orc (2/2) D:10            Elf (0/3) Orc:2        Vaults (0/5) D:14

Altars:
Dithmenos
Gozag
Kikubaaqudgha
Makhleb
Nemelex Xobeh
Qazlal
Ru
Vehumet
Xom
Yredelemnul
The Shining One
Beogh

Shops:
D:6 *   D:13 [   Orc:2 ?[(}   Snake:1 (:[

Portals:
Hell: Lair:6

Annotations:
D:3 3 runed doors, riellis's ghost, amateur NaBe
D:6 1 runed door
D:9 2 transporters
Lair:2 1 runed door, Tadal's ghost, journeyman DsCj
Lair:4 3 runed doors, williamrandolph's ghost, journeyman MiBe
Lair:6 exclusion: 3 oklob plants
Snake:1 1 runed door, Ajiokis's ghost, adept DsBe


Innate Abilities, Weirdness & Mutations

Your body is rotting away.
You thrive on raw meat.
You are immune to poison.
You have sharp fingernails.
You are carnivorous and can eat meat at any time.
Your flesh is cold resistant. (rC+)
You are immune to negative energy. (rN+++)
You do not regenerate when monsters are visible.
You are immune to unholy pain and torment.
You can survive without breathing.
You cannot drink potions while threatened.
You cannot be stealthy.
You are hated by all.
You cannot train Dodging skill.
You are somewhat unskilled. (-1 Apt)


Message History

The naga spits poison at you. The splash of poison hits you! You resist.
The naga sharpshooter gestures wildly while chanting.
The naga sharpshooter magically shoots a bolt.
The bolt hits you.
The guardian serpent begins to cast a spell, but is stunned by your will!
You see here 3 bolts.
You take 15 damage, and have 95/147 hp.
Unknown command.
You miss the shock serpent. You block the shock serpent's attack.
The naga sharpshooter begins to cast a spell, but is stunned by your will!
The naga begins to attack, but is stunned by your will!
The shock serpent bites you! The shock serpent shocks you!
You redirect the naga sharpshooter's attack!
The naga sharpshooter unwields a +0 arbalest.
The naga sharpshooter wields a +0 battleaxe.
You block the naga sharpshooter's attack.
The naga sharpshooter grabs you. The naga sharpshooter constricts you.
You take 22 damage, and have 73/147 hp.
The naga sharpshooter's grasp on you weakens, but your attempt to escape fails.
You redirect the guardian serpent's attack!
The guardian serpent casts a spell at the shock serpent.
The bolt of poison hits you! You resist.
The bolt of poison misses the shock serpent.
The shock serpent is stunned by your will and fails to attack.
The naga hits you but does no damage.
The naga sharpshooter gestures wildly while chanting.
The naga sharpshooter magically shoots a bolt.
You reflect the bolt off your +3 buckler of reflection!
The shock serpent begins to attack, but is stunned by your will!
The naga sharpshooter spits poison at you.
The splash of poison hits you! You resist.
The naga sharpshooter constricts you.
You redirect the naga sharpshooter's attack!
The naga sharpshooter begins to cast a spell, but is stunned by your will!
You now have 19/24 mp.
Okay, then.
Aim: a naga sharpshooter, wielding a +0 battleaxe (constricting you, catching You create a blast of flame!
The shock serpent is engulfed in blazing flames.
The shock serpent bites you but does no damage.
The shock serpent's electric aura discharges, shocking you!
You focus your will and blind the shock serpent in retribution!
The guardian serpent hits you but does no damage.
The naga barely misses you.
The shock serpent is engulfed in blazing flames.
The shock serpent bites you but does no damage.
The shock serpent's electric aura discharges, shocking you!
The naga sharpshooter is engulfed in blazing flames.
The naga sharpshooter is stunned by your will and fails to attack.
The naga sharpshooter hits you but does no damage.
The naga sharpshooter constricts you.
The naga sharpshooter spits poison at you.
The splash of poison hits you! You resist.
The guardian serpent hits you but does no damage.
You take 20 damage, and have 53/147 hp.
You mangle the guardian serpent!!
The shock serpent is engulfed in blazing flames.
The shock serpent shoots out a bolt of lightning at you!
The bolt of electricity hits you! x2
* * * LOW HITPOINT WARNING * * *
The bolt of electricity hits the shock serpent.
The shock serpent completely resists.
The bolt of electricity hits the shock serpent.
The shock serpent completely resists.
You focus your will and paralyse the shock serpent in retribution!
The shock serpent's electric aura discharges, shocking you!
* * * LOW HITPOINT WARNING * * *
The naga hits you but does no damage.
The guardian serpent begins to cast a spell, but is stunned by your will!
You redirect the naga sharpshooter's attack!
The naga sharpshooter unwields a +0 arbalest.
The naga sharpshooter wields a +0 dire flail.
You block the naga sharpshooter's attack.
The shock serpent is engulfed in blazing flames.
The shock serpent's electric aura discharges, shocking you!
* * * LOW HITPOINT WARNING * * *
The naga sharpshooter is engulfed in blazing flames.
The naga sharpshooter unwields a +0 battleaxe.
The naga sharpshooter wields a +0 arbalest.
The naga sharpshooter shoots a bolt.
You reflect the bolt off your +3 buckler of reflection!
The bolt hits the naga sharpshooter!
* * * LOW HITPOINT WARNING * * *
The naga sharpshooter constricts you.
You focus your will and slow the naga sharpshooter in retribution!
You take 37 damage, and have 16/147 hp.
MASSIVE DAMAGE!!
You claw the guardian serpent!
You kill the guardian serpent!
The shock serpent is engulfed in blazing flames.
The shock serpent's electric aura discharges, shocking you!
* * * LOW HITPOINT WARNING * * *
The naga begins to attack, but is stunned by your will!
The naga sharpshooter is stunned by your will and fails to attack.
The naga sharpshooter unwields a +0 dire flail.
The naga sharpshooter wields a +0 arbalest.
The naga sharpshooter shoots a bolt.
The bolt hits you!
You die...

.......##.#########.#####
####...N................#
##...#.###########....###
....##.# #...<.# #.##...#
#.....# .......# #..)..#
....#### ####.....#
...)##########§NSN....#
...)##.........§@N....#
.....).#######.†#).####
..#.#### ##.....# .##...
#..#...# #####...
##.##...# ## ###.#
#..###.## .#######.. #.##
#.# ........#...........
..........N###....##


You could see 2 naga sharpshooters, a shock serpent (paralysed) and a naga.

Vanquished Creatures
  Rupert (D:14)
  A nagaraja (Snake:2)
  A dire elephant (Lair:6)
  2 ogre magi (Orc:2)
  6 hydras
  Erolcha (Orc:2)
  6 naga warriors
  2 centaur warriors
  10 anacondas
  3 death yaks (Lair:3)
  7 shock serpents
  5 two-headed ogres
  Urug (D:10)
  8 naga sharpshooters
  Nergalle (Lair:3)
  A sixfirhy (Lair:6)
  A salamander mystic (Snake:2)
  An unseen horror (D:11)
  A wizard (Lair:6)
  A necromancer (IceCv)
  A phantasmal warrior (D:10)
  2 orc knights
  Pikel (D:6)
  5 naga ritualists
  2 ugly things
  7 mana vipers
  2 oklob plants
  A deep elf mage (D:8)
  A manticore (D:13)
  11 salamanders
  2 wolf spiders (D:10)
  8 orc sorcerers (Orc:2)
  A cyclops (D:12)
  7 elephants (Lair:6)
  33 black mambas
  3 ice statues (IceCv)
  A black mamba (shapeshifter) (D:13)
  A smoke demon (Lair:6)
  8 naga magi
  2 guardian serpents (Snake:4)
  Psyche (D:8)
  2 centaur skeletons
  2 orange demons (Lair:6)
  9 spiny frogs
  2 molten gargoyles (Lair:5)
  4 rime drakes
  6 komodo dragons
  9 ice devils
  5 trolls
  A queen bee (D:12)
  2 red devils (Lair:6)
  3 meliai (D:12)
  2 hornets (D:12)
  2 polar bears
  2 slime creatures (D:13)
  15 blink frogs
  13 hippogriffs
  4 dream sheep (Lair:4)
  A shadow (D:8)
  30 yaks
  2 wraiths
  2 basilisks
  A wyvern (Lair:2)
  17 humans
  4 hungry ghosts
  4 hogs (D:8)
  2 vampire mosquitoes (D:13)
  28 nagas
  2 wargs
  An acid dragon (D:12)
  Duvessa (D:7)
  4 hell hounds (Lair:6)
  5 porcupines
  11 water moccasins
  18 orc warriors
  An eye of draining (D:11)
  A hornet zombie (D:8)
  10 ogres
  3 slaves (D:6)
  2 ice beasts
  4 phantoms
  A sky beast (D:5)
  2 black bears
  14 wolves
  15 centaurs
  10 crocodiles
  A big kobold (D:10)
  A wyvern zombie (D:11)
  12 bullfrogs
  A gnoll sergeant (D:10)
  2 scorpions
  Dowan (D:7)
  27 killer bees
  25 wights
  2 electric eels (Lair:4)
  3 howler monkeys (D:11)
  7 lava snakes
  2 bullfrog zombies
  2 centaur zombies
  2 crimson imps
  4 draconian simulacra (IceCv)
  6 jellies
  3 quasits
  A hound (D:10)
  40 orc wizards
  21 orc priests
  3 bullfrog skeletons
  4 iguanas
  6 hell rats (Lair:3)
  10 worker ants
  A spriggan simulacrum (IceCv)
  3 troll simulacra (IceCv)
  A hound skeleton (D:4)
  Robin (D:3)
  7 gnolls
  2 ogre simulacra (IceCv)
  6 river rats (Sewer)
  18 adders
  A howler monkey skeleton (D:8)
  2 shadow imps
  6 oozes
  2 adder skeletons
  An adder zombie (D:6)
  4 worms
  2 dart slugs
  10 leopard geckos
  76 orcs
  3 ball pythons (Sewer)
  8 giant cockroaches
  18 goblins
  14 hobgoblins
  8 jackals
  3 quokkas
  12 bats
  16 frilled lizards
  11 kobolds
  A quokka skeleton (D:5)
  15 rats
  A plant (D:10)
878 creatures vanquished.

Vanquished Creatures (others)
  2 hydras
  A naga warrior (Snake:3)
  A naga sharpshooter (Snake:2)
  A salamander mystic (Snake:2)
  An unseen horror (D:13)
  2 rime drakes
  A yak (Lair:1)
  A basilisk (Lair:4)
  A naga (Lair:4)
  A porcupine (Lair:5)
  2 water moccasins (Lair:6)
  A crocodile (Lair:6)
  A wight (D:8)
  A killer bee (D:12)
  2 orc wizards
  2 orcs (Orc:2)
  A kobold (D:2)
  A frilled lizard (D:2)
  A rat (Sewer)
  13 fungi
  7 plants
44 creatures vanquished.

Grand Total: 922 creatures vanquished

Notes
Turn   | Place    | Note
-------+----------+-------------------------------------------
     0 | D:1      | Firecrotchwizard the Ghoul Monk began the quest for the
                  | Orb.
     0 | D:1      | Reached XP level 1. HP: 19/19 MP: 0/0
   129 | D:1      | Reached XP level 2. HP: 21/26 MP: 1/1
   472 | D:1      | Reached XP level 3. HP: 27/31 MP: 2/2
   613 | D:1      | Reached skill level 4 in Unarmed Combat
  1045 | D:2      | Reached skill level 1 in Shields
  1255 | D:2      | Found a radiant altar of Vehumet.
  1354 | D:2      | Reached XP level 4. HP: 30/40 MP: 3/3
  1409 | D:2      | HP: 8/40 [adder (5)]
  1417 | D:2      | Reached skill level 4 in Fighting
  1731 | D:2      | Found a sparkling altar of Nemelex Xobeh.
  1741 | D:2      | Reached XP level 5. HP: 37/45 MP: 4/4
  1765 | D:2      | Reached skill level 5 in Unarmed Combat
  2102 | D:3      | Noticed a water moccasin
  2139 | D:3      | HP: 9/47 [gnoll/+0 halberd (7)]
  2140 | D:3      | HP: 3/47 [gnoll/+0 halberd (6)]
  2145 | D:3      | Reached skill level 2 in Shields
  2292 | D:3      | Found a stormy altar of Qazlal.
  2460 | D:3      | Killed a water moccasin
  2460 | D:3      | Reached XP level 6. HP: 17/53 MP: 5/5
  2565 | D:3      | Found a glowing golden altar of the Shining One.
  2567 | D:3      | Noticed an angel
  2592 | D:3      | Found a basalt altar of Yredelemnul.
  2605 | D:3      | Found a runed gate.
  2605 | D:3      | Found a runed gate.
  2605 | D:3      | Found a runed gate.
  2605 | D:3      | Noticed riellis's ghost (amateur NaBe)
  2767 | D:3      | Reached skill level 6 in Unarmed Combat
  3036 | D:3      | Noticed Robin
  3045 | D:3      | Killed Robin
  3048 | D:3      | Reached skill level 5 in Fighting
  3286 | D:3      | Found an opulent altar of Gozag.
  3289 | D:3      | Found a shimmering altar of Xom.
  3289 | D:3      | Found a stormy altar of Qazlal.
  3291 | D:3      | Found a blossoming altar of Fedhas.
  3291 | D:3      | Found a sacrificial altar of Ru.
  3291 | D:3      | Found a sparkling altar of Nemelex Xobeh.
  3417 | D:4      | Reached XP level 7. HP: 55/61 MP: 6/6
  3436 | D:4      | Reached skill level 3 in Shields
  3782 | D:4      | Reached skill level 7 in Unarmed Combat
  3890 | D:4      | Found a sacrificial altar of Ru.
  3898 | D:4      | Became a worshipper of Ru the Awakened
  3909 | D:4      | Gained mutation: You cannot train Dodging skill. [Ru
                  | sacrifice]
  3909 | D:4      | Reduced skill Dodging to level 0
  3909 | D:4      | Reached * piety under Ru
  4358 | D:4      | Reached XP level 8. HP: 40/70 MP: 7/7
  4716 | D:5      | Entered Level 5 of the Dungeon
  4913 | D:5      | Found a sacrificial altar of Ru.
  4987 | D:5      | Reached skill level 6 in Fighting
  4987 | D:5      | Reached skill level 8 in Unarmed Combat
  5043 | D:5      | Reached skill level 4 in Shields
  5162 | D:5      | Found a glowing drain.
  5183 | Sewer    | Entered a sewer
  5997 | D:5      | Reached skill level 1 in Armour
  6174 | D:5      | Found an opulent altar of Gozag.
  6457 | D:6      | Gained mutation: You cannot be stealthy. [Ru sacrifice]
  6457 | D:6      | Reduced skill Stealth to level 0
  6457 | D:6      | Reached ** piety under Ru
  6467 | D:6      | Found a staircase to the Ecumenical Temple.
  6529 | D:6      | Reached skill level 2 in Armour
  6550 | D:6      | Found a shadowy altar of Dithmenos.
  6557 | D:6      | Noticed Pikel
  6576 | D:6      | Killed Pikel
  6576 | D:6      | Reached skill level 7 in Fighting
  6576 | D:6      | Reached skill level 9 in Unarmed Combat
  6576 | D:6      | Reached XP level 9. HP: 46/79 MP: 8/8
  6643 | D:6      | Reached skill level 3 in Armour
  6711 | D:6      | Found Anomefy's Assorted Antiques.
  6843 | D:6      | Found a runed door.
  7077 | D:7      | Reached skill level 10 in Unarmed Combat
  7449 | D:7      | Noticed Duvessa
  7450 | D:7      | Noticed Dowan
  7456 | D:7      | Killed Dowan
  7466 | D:7      | Killed Duvessa
  7539 | D:7      | Found a stormy altar of Qazlal.
  7664 | D:8      | Reached skill level 8 in Fighting
  7664 | D:8      | Reached skill level 4 in Armour
  7665 | D:8      | Noticed a deep elf mage
  7693 | D:8      | HP: 15/81 [deep elf mage/bolt of fire (12)]
  7694 | D:8      | Killed a deep elf mage
  7694 | D:8      | Reached skill level 11 in Unarmed Combat
  7694 | D:8      | Reached XP level 10. HP: 11/90 MP: 9/9
  7858 | D:8      | Noticed Psyche
  7864 | D:8      | Killed Psyche
  7869 | D:8      | Noticed a two-headed ogre
  7882 | D:8      | Killed a two-headed ogre
  7882 | D:8      | Reached skill level 5 in Armour
  8121 | D:8      | Identified the cursed +1 quarterstaff "Enleiris" {drain,
                  | rElec rF+ MR-}
  8290 | D:8      | Reached skill level 9 in Fighting
  8403 | D:8      | Reached skill level 12 in Unarmed Combat
  8427 | D:8      | Gained mutation: You are hated by all. [Ru sacrifice]
  8427 | D:8      | Reached *** piety under Ru
  8820 | D:9      | Found a transporter.
  9023 | D:9      | Reached skill level 6 in Armour
  9119 | D:9      | Got a heavily runed leather armour
  9137 | D:9      | Reached XP level 11. HP: 94/97 MP: 10/10
  9163 | D:9      | Noticed a two-headed ogre
  9180 | D:9      | HP: 21/97 [two-headed ogre/+0 dire flail (6)]
  9182 | D:9      | HP: 2/97 [two-headed ogre/+0 dire flail (11)]
  9183 | D:9      | Killed a two-headed ogre
  9625 | D:9      | Found a roughly hewn altar of Beogh.
  9625 | D:9      | Found a transporter.
  9665 | D:9      | Reached skill level 13 in Unarmed Combat
  9931 | D:10     | Entered Level 10 of the Dungeon
  9989 | D:10     | Noticed a two-headed ogre
  9997 | D:10     | Killed a two-headed ogre
  9997 | D:10     | Reached skill level 10 in Fighting
 10185 | D:10     | Gained mutation: You cannot drink potions while threatened.
                  | [Ru sacrifice]
 10185 | D:10     | Reached **** piety under Ru
 10224 | D:10     | Found a staircase to the Lair.
 10232 | D:10     | Noticed an oklob plant
 10245 | D:10     | Killed an oklob plant
 10479 | D:10     | Noticed Urug
 10561 | Lair:1   | Entered Level 1 of the Lair of Beasts
 10949 | Lair:1   | Reached skill level 7 in Armour
 11034 | Lair:1   | Reached skill level 14 in Unarmed Combat
 11912 | Lair:2   | Reached XP level 12. HP: 98/108 MP: 11/11
 11993 | Lair:2   | Noticed a four-headed hydra
 11996 | Lair:2   | Got a shimmering long sword
 12010 | Lair:2   | Killed a four-headed hydra
 12038 | Lair:2   | Reached skill level 11 in Fighting
 12113 | Lair:2   | HP: 26/110 [yak (12)]
 12134 | Lair:2   | HP: 27/110 [yak (1)]
 12155 | Lair:2   | HP: 25/110 [yak (12)]
 12268 | Lair:2   | Reached skill level 8 in Armour
 12304 | Lair:2   | Found a runed door.
 12304 | Lair:2   | Noticed Tadal's ghost (journeyman DsCj)
 12610 | Lair:3   | Noticed a death yak
 12610 | Lair:3   | Noticed a death yak
 12610 | Lair:3   | Noticed a death yak
 12612 | Lair:3   | Noticed Nergalle
 12705 | Lair:3   | Reached skill level 15 in Unarmed Combat
 12760 | Lair:3   | Killed a death yak
 12776 | Lair:3   | Killed a death yak
 12779 | Lair:3   | Killed Nergalle
 12788 | Lair:3   | Killed a death yak
 12834 | Lair:3   | Found a frozen archway.
 12846 | Lair:3   | HP: 17/110 [ice devil (11)]
 13030 | IceCv    | Entered an ice cave
 13172 | IceCv    | HP: 23/110 [ice devil (7)]
 14326 | IceCv    | Reached skill level 12 in Fighting
 14782 | Lair:3   | Noticed an eight-headed hydra
 14793 | Lair:3   | Killed an eight-headed hydra
 14793 | Lair:3   | Reached skill level 9 in Armour
 14793 | Lair:3   | Reached skill level 16 in Unarmed Combat
 14793 | Lair:3   | Reached XP level 13. HP: 87/118 MP: 12/12
 15150 | Lair:3   | Gained mutation: You are somewhat unskilled. (-1 Apt) [Ru
                  | sacrifice]
 15150 | Lair:3   | Reduced skill Fighting to level 11
 15150 | Lair:3   | Reduced skill Armour to level 8
 15150 | Lair:3   | Reduced skill Shields to level 3
 15150 | Lair:3   | Reduced skill Unarmed Combat to level 14
 15150 | Lair:3   | Reached ***** piety under Ru
 15150 | Lair:3   | Reached ****** piety under Ru
 15208 | Lair:4   | Reached skill level 15 in Unarmed Combat
 15347 | Lair:4   | Found a runed gate.
 15349 | Lair:4   | Found a runed gate.
 15350 | Lair:4   | Found a runed gate.
 15353 | Lair:4   | Noticed williamrandolph's ghost (journeyman MiBe)
 15544 | Lair:4   | Found a staircase to the Shoals.
 15811 | Lair:4   | Found a staircase to the Snake Pit.
 16804 | Lair:5   | Found a staircase to the Slime Pits.
 17244 | Lair:6   | Entered Level 6 of the Lair of Beasts
 17315 | Lair:6   | Reached skill level 9 in Armour
 17438 | Lair:6   | Reached skill level 12 in Fighting
 17484 | Lair:6   | Reached skill level 16 in Unarmed Combat
 17587 | Lair:6   | Got a polished great mace
 17592 | Lair:6   | Noticed a dire elephant
 17615 | Lair:6   | Killed a dire elephant
 17652 | Lair:6   | Reached XP level 14. HP: 121/126 MP: 13/13
 18760 | Lair:6   | Found a burning altar of Makhleb.
 19087 | Lair:6   | Found a gateway to Hell.
 19369 | D:10     | Found a staircase to the Orcish Mines.
 19385 | D:10     | Killed Urug
 20194 | D:11     | Reached skill level 17 in Unarmed Combat
 20269 | D:11     | Reached skill level 10 in Armour
 20494 | D:11     | Identified the +2 ring mail "Aceyguz" {Int+2 Dex+4}
 21073 | D:12     | HP: 28/126 [meliai/divine providence (12)]
 21077 | D:12     | HP: 10/126 [meliai/divine providence (16)]
 21085 | D:12     | HP: 21/126 [meliai/divine providence (11)]
 21592 | D:12     | Reached skill level 13 in Fighting
 22306 | D:13     | Found Kigi's Armour Emporium.
 22311 | D:13     | Bought a +0 buckler of reflection for 119 gold pieces
 22364 | D:13     | Reached XP level 15. HP: 129/135 MP: 14/14
 22797 | D:14     | Found a gate to the Vaults.
 22797 | D:14     | Noticed Rupert
 22808 | D:14     | Killed Rupert
 22920 | Orc:1    | Entered Level 1 of the Orcish Mines
 23126 | Orc:2    | Entered Level 2 of the Orcish Mines
 23223 | Orc:2    | Reached skill level 18 in Unarmed Combat
 23358 | Orc:2    | Found a staircase to the Elven Halls.
 23513 | Orc:2    | Found a roughly hewn altar of Beogh.
 23590 | Orc:2    | Found a gate leading to a gauntlet.
 23867 | Orc:2    | Found Ecixt's Magic Scroll Boutique.
 23913 | Orc:2    | Bought a scroll of teleportation for 42 gold pieces
 23913 | Orc:2    | Bought a scroll of teleportation for 42 gold pieces
 23913 | Orc:2    | Bought a scroll of teleportation for 42 gold pieces
 23913 | Orc:2    | Bought a scroll of enchant armour for 105 gold pieces
 23930 | Orc:2    | Found an ancient bone altar of Kikubaaqudgha.
 23986 | Orc:2    | Noticed Erolcha
 23996 | Orc:2    | Killed Erolcha
 24016 | Orc:2    | Found a roughly hewn altar of Beogh.
 24016 | Orc:2    | Found Ocoluh's Antique Armour Shop.
 24029 | Orc:2    | Found Lunuylos's Gadget Boutique.
 24046 | Orc:2    | Found a radiant altar of Vehumet.
 24117 | Orc:2    | Found Worastregg's Antique Weapon Shop.
 24407 | D:6      | Bought 2 potions of heal wounds for 220 gold pieces
 24407 | D:6      | Bought a scroll labeled YCEGEK WUUBU for 22 gold pieces
 24407 | D:6      | Bought a scroll of identify for 44 gold pieces
 24407 | D:6      | Bought a potion of curing for 66 gold pieces
 24407 | D:6      | Bought a scroll of enchant weapon for 165 gold pieces
 24694 | Snake:1  | Entered Level 1 of the Snake Pit
 24716 | Snake:1  | Found Jebroak's Antique Armour Emporium.
 24716 | Snake:1  | Found Vontoo's Book Shoppe.
 24721 | Snake:1  | Reached skill level 11 in Armour
 25050 | Snake:1  | Found a runed door.
 25050 | Snake:1  | Noticed Ajiokis's ghost (adept DsBe)
 25126 | Snake:1  | Reached skill level 14 in Fighting
 25185 | Snake:1  | Found Kaupni's Weapon Boutique.
 25217 | Snake:1  | Got a bone trident
 25402 | Snake:1  | Reached XP level 16. HP: 102/146 MP: 15/15
 25968 | Snake:1  | Bought a bloodstained plate armour for 1008 gold pieces
 25968 | Snake:1  | meem: I am meem, an upgrade of beem built by MalcolmRose
                  | (check out Malcolm's DCSS vids and other projects at
                  | http://youtube.com/malcolmrosegaming). To have me follow
                  | you in your games, type !subscribemeem - to make me go away
                  | forever, type !quitmeem - For help, type: !meem
 25978 | Snake:1  | Identified the +5 plate armour "Pucyz" {MP+9 Int+3} (You
                  | bought it in a shop on level 1 of the Snake Pit)
 26483 | Snake:2  | Reached skill level 19 in Unarmed Combat
 26607 | Snake:2  | Got a jewelled quarterstaff
 26631 | Snake:2  | Noticed a nagaraja
 26725 | Snake:2  | Killed a nagaraja
 27408 | Snake:3  | Reached skill level 1 in Crossbows
 27417 | Snake:3  | HP: 31/146 [shock serpent/bolt of electricity (25)]
 27425 | Snake:3  | HP: 20/146 [anaconda (11)]
 27427 | Snake:2  | HP: 4/146 [anaconda (12)]
 27433 | Snake:2  | HP: 16/146 [anaconda (5)]
 27438 | Snake:2  | HP: 6/146 [anaconda (3)]
 27923 | Snake:3  | Reached skill level 2 in Crossbows
 28026 | Snake:3  | Reached skill level 3 in Crossbows
 28528 | Snake:3  | Reached skill level 4 in Crossbows
 28581 | Snake:3  | Identified the +10 rapier of Nightmares {venom, MR- Str+7
                  | SInv}
 28751 | Snake:4  | Entered Level 4 of the Snake Pit
 28920 | Snake:4  | Reached skill level 5 in Crossbows
 29081 | Snake:4  | HP: 33/147 [black mamba (7)]
 29176 | Snake:4  | HP: 33/147 [naga warrior/cursed -2 scimitar (4)]
 29343 | Snake:4  | HP: 28/147 [shock serpent/bolt of electricity (20)]
 29344 | Snake:4  | HP: 8/147 [shock serpent/electric aura (8)]
 29344 | Snake:4  | Shot with a bolt by a naga sharpshooter

Vault maps used:
D:1:      dpeg_arrival_renting
D:2:      fiery_altar_vehumet, nemelex_xobeh_ov_fountains_minmay
D:3:      kennysheep_goblin_castle, doesnt_xom_only_xom,
          grunt_temple_overflow_holy_war, gammafunk_ghost_necromancy,
          nicolae_qazlal_general_emergency
D:4:      nicolae_ru_path_of_blood
D:5:      overflow_temple_1_default, gup_sewer_entry_pipe, first_ration,
          grunt_gozag_breadcrumbs
D:6:      minmay_temple_entry_large_hall, serial_shops, shop,
          nicolae_dithmenos_shadow_blocks, uniq_pikel, uniq_crazy_yiuf_cottage
D:7:      nicolae_overflow_hidden_temple, uniq_duvessa
D:8:      cheibrodos_elevator_heist, grunt_livestock, st_stairs_13, uniq_psyche
D:9:      gammafunk_beogh_shrine, minmay_misc_feat_plants
D:10:     dpeg_oklobed_lair, david_orc_3, chequers_serial_rivers_large_b,
          hangedman_decor_peaks_small, grunt_ministairs_15, wad_scary_box,
          uniq_urug
D:12:     special_room
D:13:     serial_shops, nicolae_shop_crystal
D:14:     david_vaults_3, nicolae_benzene_ring, fedhas_altar_2
Lair:2:   ebering_ghost_reflecting_pool
Lair:3:   portal_ice_cave_demonic_guard, grunt_megastairs_1,
          infiniplex_staircase_pool, uniq_nergalle
Lair:4:   minmay_shoals_entry_centaurs, minmay_snake_entry_guardpost_medium,
          gammafunk_ghost_necromancy, wad_woods_road_02, lemuel_fruit_tree,
          serial_bayou_shore_a
Lair:5:   cheibrodos_magma_flow, nicolae_slime_entry_slimehenge,
          cheibrodos_lair_reptile_den
Lair:6:   evil_forest, minmay_lair_oklob_chamber
Snake:1:  serial_shops, shop, ebering_ghost_inner_flame, grunt_megastairs_2,
          minmay_shoptagon
Snake:3:  spider_trap
Snake:4:  johnstein_snake_rune_scales, hangedman_snake_wide_pillar_pass
Orc:1:    minmay_goldmine, ebering_ghost_xom, uniq_erica
Orc:2:    kennysheep_orc_mage_school, basic_altar, gauntlet_entry_generic
Sewer:    sewer_co_cracked_pipes
IceCv:    ice_cave_tombish

Skill      XL: |  1  2  3  4  5  6  7  8  9 10 11 12 13 14 15 16 |
---------------+-------------------------------------------------+-----
Unarmed Combat | 4 5 6 7 9 11 12 14 16 16 17 18 19 | 19.3
Shields        | 1 2 3 4 3 |  3.6
Fighting       | 4 5 7 8 9 10 12 12 13 14 | 14.5
Dodging        | 0 |  0.0
Armour         | 2 4 6 7 9 9 10 11 | 11.7
Stealth        | 0 |  0.0
Crossbows      | 5 |  5.9

Action                   |  1- 3 |  4- 6 |  7- 9 | 10-12 | 13-15 | 16-18 || total
-------------------------+-------+-------+-------+-------+-------+-------++-------
Melee: Unarmed           |   108 |   235 |   492 |   723 |  1557 |   406 ||  3521
 Fire: Blowgun           |       |       |     7 |     4 |       |       ||    11
Throw: Throwing net      |       |       |       |     1 |       |       ||     1
Invok: Sacrifice Nimblen |       |       |     1 |       |       |       ||     1
       Sacrifice Stealth |       |       |     1 |       |       |       ||     1
       Sacrifice Love    |       |       |       |     1 |       |       ||     1
       Sacrifice Drink   |       |       |       |     1 |       |       ||     1
       Power Leap        |       |       |       |     2 |     1 |     1 ||     4
       Draw Out Power    |       |       |       |     2 |     1 |     1 ||     4
       Sacrifice Skill   |       |       |       |       |     1 |       ||     1
       Apocalypse        |       |       |       |       |     1 |       ||     1
Evoke: Wand              |       |       |     1 |    12 |     4 |     1 ||    18
  Use: Scroll            |       |     4 |     9 |    11 |    11 |     2 ||    37
 Stab: Sleeping          |     9 |     4 |       |       |       |       ||    13
       Invisible         |       |       |     2 |     9 |    14 |     6 ||    31
       Distracted        |       |       |       |     4 |    14 |     2 ||    20
       Confused          |       |       |       |     3 |       |       ||     3
       Paralysed         |       |       |       |       |    12 |     2 ||    14
  Eat: Chunk             |     8 |    40 |    38 |    77 |   146 |    53 ||   362
       Ration            |       |       |       |     4 |     2 |     1 ||     7
Armor: Robe              |    11 |       |       |       |       |       ||    11
       Leather armour    |     1 |    49 |    16 |       |       |       ||    66
       Scale mail        |       |       |   135 |       |       |       ||   135
       Chain mail        |       |       |    18 |   243 |       |       ||   261
       Plate armour      |       |       |       |    17 |   954 |   173 ||  1144
Dodge: Dodged            |    46 |   146 |   151 |   149 |   414 |    67 ||   973
Block: Buckler           |    12 |    47 |    84 |    94 |   269 |    90 ||   596
       Reflection        |       |       |       |       |     3 |    13 ||    16

Table legend:
 A = Non-vault XP
 B = Vault XP
 C = Vault XP percentage of total XP
 D = Non-vault monster count
 E = Vault monster count
 F = Vault count percentage of total count
                 A         B        C        D         E       F
            +---------+---------+-------+---------+---------+-------
      Total |  122329 |   52571 |  30.1 |     624 |     268 |  30.0
            +---------+---------+-------+---------+---------+-------
        D:1 |      44 |       0 |   0.0 |      27 |       0 |   0.0
        D:2 |     164 |       0 |   0.0 |      30 |       0 |   0.0
        D:3 |     379 |      53 |  12.3 |      30 |      20 |  40.0
        D:4 |     711 |       0 |   0.0 |      27 |       0 |   0.0
        D:5 |     396 |      13 |   3.2 |      12 |       5 |  29.4
        D:6 |     410 |     610 |  59.8 |      15 |       1 |   6.2
        D:7 |     920 |     211 |  18.7 |      18 |       2 |  10.0
        D:8 |    2136 |    2468 |  53.6 |      26 |      12 |  31.6
        D:9 |    1972 |       0 |   0.0 |      19 |       0 |   0.0
       D:10 |    2632 |    4096 |  60.9 |      22 |      23 |  51.1
       D:11 |    4564 |       0 |   0.0 |      34 |       0 |   0.0
       D:12 |    5019 |    2398 |  32.3 |      37 |      24 |  39.3
       D:13 |    6424 |       0 |   0.0 |      29 |       0 |   0.0
       D:14 |    2141 |    6948 |  76.4 |       4 |      18 |  81.8
     Lair:1 |    5018 |       0 |   0.0 |      28 |       0 |   0.0
     Lair:2 |    4501 |       0 |   0.0 |      21 |       0 |   0.0
     Lair:3 |    4612 |    2392 |  34.2 |       9 |      14 |  60.9
     Lair:4 |    2032 |    1835 |  47.5 |      10 |      11 |  52.4
     Lair:5 |    5358 |    1846 |  25.6 |      18 |      14 |  43.8
     Lair:6 |   10205 |   11119 |  52.1 |      35 |      31 |  47.0
    Snake:1 |   12936 |    4249 |  24.7 |      27 |       9 |  25.0
    Snake:2 |   25239 |       0 |   0.0 |      41 |       0 |   0.0
    Snake:3 |   12378 |       0 |   0.0 |      23 |       0 |   0.0
    Snake:4 |    5709 |    2588 |  31.2 |      12 |       9 |  42.9
      Orc:1 |     366 |       0 |   0.0 |       6 |       0 |   0.0
      Orc:2 |    6063 |    7529 |  55.4 |      64 |      33 |  34.0
      Sewer |       0 |     100 | 100.0 |       0 |      23 | 100.0
      IceCv |       0 |    4116 | 100.0 |       0 |      19 | 100.0
            +---------+---------+-------+---------+---------+-------

Vault maps used:
D:1:      dpeg_arrival_renting
D:2:      fiery_altar_vehumet, nemelex_xobeh_ov_fountains_minmay
D:3:      kennysheep_goblin_castle, doesnt_xom_only_xom,
          grunt_temple_overflow_holy_war, gammafunk_ghost_necromancy,
          nicolae_qazlal_general_emergency
D:4:      nicolae_ru_path_of_blood
D:5:      overflow_temple_1_default, gup_sewer_entry_pipe, first_ration,
          grunt_gozag_breadcrumbs
D:6:      minmay_temple_entry_large_hall, serial_shops, shop,
          nicolae_dithmenos_shadow_blocks, uniq_pikel, uniq_crazy_yiuf_cottage
D:7:      nicolae_overflow_hidden_temple, uniq_duvessa
D:8:      cheibrodos_elevator_heist, grunt_livestock, st_stairs_13, uniq_psyche
D:9:      gammafunk_beogh_shrine, minmay_misc_feat_plants
D:10:     dpeg_oklobed_lair, david_orc_3, chequers_serial_rivers_large_b,
          hangedman_decor_peaks_small, grunt_ministairs_15, wad_scary_box,
          uniq_urug
D:12:     special_room
D:13:     serial_shops, nicolae_shop_crystal
D:14:     david_vaults_3, nicolae_benzene_ring, fedhas_altar_2
Lair:2:   ebering_ghost_reflecting_pool
Lair:3:   portal_ice_cave_demonic_guard, grunt_megastairs_1,
          infiniplex_staircase_pool, uniq_nergalle
Lair:4:   minmay_shoals_entry_centaurs, minmay_snake_entry_guardpost_medium,
          gammafunk_ghost_necromancy, wad_woods_road_02, lemuel_fruit_tree,
          serial_bayou_shore_a
Lair:5:   cheibrodos_magma_flow, nicolae_slime_entry_slimehenge,
          cheibrodos_lair_reptile_den
Lair:6:   evil_forest, minmay_lair_oklob_chamber
Snake:1:  serial_shops, shop, ebering_ghost_inner_flame, grunt_megastairs_2,
          minmay_shoptagon
Snake:3:  spider_trap
Snake:4:  johnstein_snake_rune_scales, hangedman_snake_wide_pillar_pass
Orc:1:    minmay_goldmine, ebering_ghost_xom, uniq_erica
Orc:2:    kennysheep_orc_mage_school, basic_altar, gauntlet_entry_generic
Sewer:    sewer_co_cracked_pipes
IceCv:    ice_cave_tombish

Table legend:
 A = Turns spent in this place as a percentage of turns spent in the entire game.
 B = Non-inter-level travel turns spent in this place as a percentage of non-inter-level travel turns spent in the entire game.
 C = Inter-level travel turns spent in this place as a percentage of turns spent in this place.
 D = Turns resting spent in this place as a percentage of non-inter-level travel turns spent in this place.
 E = Turns spent auto-exploring this place as a percentage of non-inter-level travel turns spent in this place.
 F = Non-inter-level travel turns spent in this place divided by the number of levels of this place that you've seen.
                   A       B       C       D       E      F
               +-------+-------+-------+-------+-------+----------------------
         Total | 100.0 | 100.0 |   5.4 |  23.0 |  50.5 | 991.8
       Dungeon |  48.0 |  47.6 |   6.1 |  18.9 |  55.5 | 944.1
          Lair |  25.2 |  25.6 |   4.0 |  21.5 |  52.7 | 1184.0
     Snake Pit |  15.8 |  15.7 |   6.1 |  30.8 |  44.6 | 1091.5
  Orcish Mines |   4.8 |   4.6 |   9.2 |   0.0 |  58.3 | 639.0
         Sewer |   1.5 |   1.6 |   0.0 |   0.0 |  51.1 | 438.0
      Ice Cave |   4.7 |   4.9 |   0.0 |  73.5 |   2.6 | 1368.0
               +-------+-------+-------+-------+-------+----------------------

Table legend:
 A = Kills in this place as a percentage of kills in entire the game.
 B = Kills by you in this place as a percentage of kills by you in the entire game.
 C = Kills by friends in this place as a percentage of kills by friends in the entire game.
 D = Other kills in this place as a percentage of other kills in the entire game.
 E = Experience gained in this place as a percentage of experience gained in the entire game.
 F = Experience gained in this place divided by the number of levels of this place that you have seen.
                   A       B       C       D       E      F
               +-------+-------+-------+-------+-------+----------------------
         Total | 100.0 | 100.0 |   N/A | 100.0 | 100.0 | 6246.4
       Dungeon |  48.8 |  49.2 |   N/A |  27.8 |  25.6 | 3193.5
          Lair |  21.4 |  20.7 |   N/A |  55.6 |  28.0 | 8153.0
     Snake Pit |  13.6 |  13.5 |   N/A |  16.7 |  36.1 | 15774.8
  Orcish Mines |  11.5 |  11.8 |   N/A |   0.0 |   8.0 | 6979.0
         Sewer |   2.6 |   2.6 |   N/A |   0.0 |   0.1 | 100.0
      Ice Cave |   2.1 |   2.2 |   N/A |   0.0 |   2.4 | 4116.0
               +-------+-------+-------+-------+-------+----------------------
